[Event "Titled Tuesday Blitz February 14 Late 2023"]
[White "Sztokbant, Bernardo Vainzoff"]
[Black "Danielyan, Vahe"]
[WhiteFideId "2115956"]
[BlackFideId "13304828"]
[WhiteElo "2213"]
[BlackElo "2346"]
[Result "0-1"]
[Round "05"]
[TimeControl "180+2"]
[Date "2023.02.14"]
[WhiteClock "0:00:04"]
[BlackClock "0:01:41"]

1. e4 c5 2. Nf3 d6 3. d4 cxd4 4. Nxd4 Nf6 5. Nc3 Bd7 6. Be2 Nc6 7. O-O g6 8. Be3 Bg7 9. f4 O-O 10. Kh1 a6 11. a4 Rc8 12. Nb3 Na5 13. e5 Ne8 14. Nd5 Nxb3 15. Bb6 Nc7 16. cxb3 Bc6 17. Nxc7 Rxc7 18. Rc1 Bxg2+ 19. Kxg2 Rxc1 20. Bxd8 Rxd1 21. Bxe7 Rxf1 22. Bxf1 dxe5 23. Bxf8 Kxf8 24. fxe5 Bxe5 25. Bc4 a5 26. b4 axb4 27. a5 Bc7 28. Bd5 Bxa5 29. Bxb7 f5 30. Bd5 Kg7 31. b3 Kf6 32. Kf3 Bc7 33. h3 h6 34. Bc4 Ke5 35. Bf7 g5 36. Be8 Kf6 37. Bd7 h5 38. Be8 g4+ 39. Kg2 h4 40. Bd7 Kg5 41. Bc8 Kf4 42. Bd7 Bb6 43. Bc8 Bd8 44. Bd7 gxh3+ 45. Kxh3 Ke4 46. Bc6+ Ke3 47. Kg2 f4 48. Bd5 f3+ 49. Kf1 h3 50. Bc4 h2 0-1


[Site "https://www.chess.com"]

[Event "Titled Tuesday Blitz February 14 Late 2023"]
[White "Papayan, Oleg"]
[Black "Yedidia, Daniel"]
[WhiteFideId "4193911"]
[BlackFideId "30905907"]
[WhiteElo "2253"]
[BlackElo "2041"]
[Result "0-1"]
[Round "05"]
[TimeControl "180+2"]
[Date "2023.02.14"]
[WhiteClock "0:00:11"]
[BlackClock "0:00:59"]

1. d4 Nf6 2. Nf3 b6 3. c4 e6 4. Nc3 Bb4 5. Qc2 Bb7 6. a3 Bxc3+ 7. Qxc3 Ne4 8. Qc2 f5 9. b4 d6 10. Bb2 Nd7 11. d5 e5 12. Nd2 Ndf6 13. g3 O-O 14. Bg2 Ng5 15. h4 Nf7 16. Qxf5 Bc8 17. Qc2 a5 18. O-O axb4 19. axb4 Rxa1 20. Rxa1 Bg4 21. e4 Bh5 22. f3 Qd7 23. Qa4 Qe7 24. Bh3 Kh8 25. g4 Bg6 26. Nf1 h6 27. Ng3 Ng8 28. h5 Qh4 29. Kg2 Ng5 30. Rh1 Rxf3 31. Nf5 Qf2# 0-1


[Site "https://www.chess.com"]

[Event "Titled Tuesday Blitz February 14 Late 2023"]
[White "Kanyamarala, Trisha"]
[Black "Fiorito, Francisco"]
[WhiteFideId "45004722"]
[BlackFideId "180165"]
[WhiteElo "2278"]
[BlackElo "2305"]
[Result "0-1"]
[Round "05"]
[TimeControl "180+2"]
[Date "2023.02.14"]
[WhiteClock "0:00:11"]
[BlackClock "0:00:27"]

1. d4 Nf6 2. c4 b6 3. Nc3 Bb7 4. Nf3 e6 5. Bg5 Bb4 6. e3 h6 7. Bh4 d6 8. Bd3 Nbd7 9. O-O Bxc3 10. bxc3 e5 11. Bf5 e4 12. Nd2 Qe7 13. Qc2 g5 14. Bg3 h5 15. h4 Rg8 16. hxg5 Rxg5 17. Bh3 Rg6 18. Bh4 O-O-O 19. Bf5 Rg7 20. d5 Qe5 21. Nxe4 Rdg8 22. g3 Nxe4 23. Qxe4 Qxe4 24. Bxe4 Rg4 25. Bg2 Rxc4 26. Rac1 a5 27. Kh2 Ne5 28. e4 Kb8 29. Rc2 Ba6 30. Rb1 Bc8 31. f3 f5 32. Rf2 fxe4 33. Re2 exf3 34. Rf2 fxg2 35. Kxg2 Rxh4 0-1


[Site "https://www.chess.com"]

[Event "Titled Tuesday Blitz February 14 Late 2023"]
[White "Ansh M Shah"]
[Black "Jeet, Jain"]
[WhiteFideId "25033379"]
[BlackFideId "5073022"]
[WhiteElo "2171"]
[BlackElo "2199"]
[Result "0-1"]
[Round "05"]
[TimeControl "180+2"]
[Date "2023.02.14"]
[WhiteClock "0:00:02"]
[BlackClock "0:00:41"]

1. d4 d5 2. c4 c6 3. cxd5 Qxd5 4. Nc3 Qa5 5. e4 e5 6. dxe5 Qxe5 7. Nf3 Qc7 8. Bc4 Be7 9. O-O Bg4 10. h3 Bh5 11. g4 Bg6 12. e5 Nd7 13. Bf4 O-O-O 14. Qb3 Nc5 15. Qa3 Nd3 16. Qxa7 Nxf4 17. Na4 Kd7 18. Qd4+ Nd5 19. Bxd5 cxd5 20. Rac1 Qa5 21. Nc5+ Bxc5 22. Rxc5 Qa8 23. Rfc1 Ne7 24. Rc7+ Ke8 25. Qb4 Rd7 26. Rxd7 Kxd7 27. Qd6+ Ke8 28. Rc7 Qd8 29. Nd4 h5 30. Qxd8+ Kxd8 31. Rxb7 hxg4 32. Rb8+ Nc8 33. Nc6+ Kc7 0-1


[Site "https://www.chess.com"]

[Event "Titled Tuesday Blitz February 14 Late 2023"]
[White "Bilan, Danila"]
[Black "Rottenwohrer Suarez, Juan"]
[WhiteFideId "24161918"]
[BlackFideId "32068182"]
[WhiteElo "2303"]
[BlackElo "2265"]
[Result "1-0"]
[Round "05"]
[TimeControl "180+2"]
[Date "2023.02.14"]
[WhiteClock "0:00:15"]
[BlackClock "0:00:08"]

1. d4 Nf6 2. Nf3 g6 3. Bg5 Bg7 4. c3 d5 5. Nbd2 O-O 6. e3 b6 7. Bd3 c5 8. O-O a5 9. Ne5 Ba6 10. Bxa6 Rxa6 11. Qe2 Qc8 12. a4 Ra7 13. Rfc1 Nbd7 14. Nxd7 Qxd7 15. h3 Rc8 16. Bf4 Ne8 17. Nf3 Nd6 18. Be5 Qb7 19. Bxd6 exd6 20. Qb5 Qc6 21. Qxc6 Rxc6 22. Ra3 Bf6 23. Rb3 Rac7 24. Rb5 Kf8 25. Re1 Re7 26. g4 h6 27. Kg2 Ke8 28. Rd1 Rd7 29. Ne1 Kd8 30. Nd3 g5 31. Kf3 Kc7 32. Kg2 Re7 33. Nc1 cxd4 34. exd4 Rc4 35. Rxd5 Rxa4 36. Nd3 Ra2 37. Rf5 Bg7 38. Kf1 Kd7 39. Re1 Rxe1+ 40. Kxe1 Ke7 41. Kd2 Ra1 42. Nc1 a4 43. Kc2 a3 44. bxa3 Rxa3 45. Rb5 Ra6 46. Ne2 Kd7 47. Ng3 Bf8 48. Nf5 Ra2+ 49. Rb2 Rxb2+ 50. Kxb2 d5 51. Kb3 Ke6 52. Ka4 Kd7 53. Kb5 Kc7 54. Ne3 Kd6 55. Kxb6 Be7 56. Nf5+ Ke6 57. Nxe7 Kxe7 58. Kc5 Ke6 59. c4 dxc4 60. Kxc4 Kd6 61. f3 f6 62. d5 Ke5 63. Kc5 Kf4 64. d6 Kxf3 65. d7 Kg3 66. d8=Q Kxh3 67. Qxf6 Kxg4 68. Qxh6 1-0


[Site "https://www.chess.com"]

[Event "Titled Tuesday Blitz February 14 Late 2023"]
[White "Novikov, Evgenij"]
[Black "Carrasco Miranda, Andres"]
[WhiteFideId "4125380"]
[BlackFideId "3405990"]
[WhiteElo "2276"]
[BlackElo "2240"]
[Result "1-0"]
[Round "05"]
[TimeControl "180+2"]
[Date "2023.02.14"]
[WhiteClock "0:01:11"]
[BlackClock "0:00:21"]

1. e4 c5 2. Nf3 d6 3. d4 cxd4 4. Nxd4 Nf6 5. Bd3 e6 6. O-O Be7 7. c4 O-O 8. Nc3 b6 9. b3 Bb7 10. Bb2 Nbd7 11. Rc1 a6 12. Bb1 Qc7 13. f4 Rfe8 14. Rf3 Rad8 15. Rh3 g6 16. g4 Nc5 17. Nd5 exd5 18. cxd5 Qd7 19. Nf5 gxf5 20. gxf5 h5 21. Rxh5 Nxh5 22. Qg4+ 1-0


[Site "https://www.chess.com"]

[Event "Titled Tuesday Blitz February 14 Late 2023"]
[White "Santos Flores, Alberto"]
[Black "Gerbelli Neto, Eduardo"]
[WhiteFideId "3601234"]
[BlackFideId "2103281"]
[WhiteElo "2164"]
[BlackElo "2114"]
[Result "1-0"]
[Round "05"]
[TimeControl "180+2"]
[Date "2023.02.14"]
[WhiteClock "0:02:08"]
[BlackClock "0:01:28"]

1. e4 e5 2. Nf3 Nc6 3. Bc4 Nf6 4. d3 Bc5 5. c3 d6 6. Nbd2 a5 7. O-O O-O 8. h3 h6 9. Re1 Be6 10. Bb5 Ne7 11. d4 exd4 12. cxd4 Ba7 13. Bd3 Ng6 14. Nf1 c5 15. d5 Bd7 16. a4 Rb8 17. N1d2 b5 18. axb5 Bxb5 19. Bxb5 Rxb5 20. Nc4 Bb6 21. Bd2 Nh5 22. Qa4 Qe8 23. Nxd6 1-0


[Site "https://www.chess.com"]

[Event "Titled Tuesday Blitz February 14 Late 2023"]
[White "Petrovic, Aleksa"]
[Black "Ruiz Aguilar, Pablo Alexander"]
[WhiteFideId "967629"]
[BlackFideId "4401352"]
[WhiteElo "2332"]
[BlackElo "2161"]
[Result "0-1"]
[Round "05"]
[TimeControl "180+2"]
[Date "2023.02.14"]
[WhiteClock "0:00:12"]
[BlackClock "0:00:51"]

1. d4 d5 2. c4 c6 3. Nf3 Nf6 4. Nc3 e6 5. Bg5 Be7 6. e3 Nbd7 7. Qc2 O-O 8. Rd1 a6 9. a3 b5 10. cxd5 cxd5 11. Bd3 Bb7 12. O-O Rc8 13. h3 h6 14. Bf4 b4 15. axb4 Bxb4 16. Qb3 a5 17. Na2 Qb6 18. Nxb4 axb4 19. Ne5 Nxe5 20. Bxe5 Ne4 21. f3 Nd6 22. Rc1 Nc4 23. Bb1 Nxe5 24. dxe5 g6 25. Kh2 Ba6 26. Rfd1 Bc4 27. Qc2 Qxe3 28. Re1 Qf4+ 29. Kh1 Ba6 30. Qd1 Rxc1 31. Qxc1 Qxc1 32. Rxc1 Rc8 33. Rxc8+ Bxc8 34. Kg1 Kf8 35. Kf2 Ke7 36. Ke3 Kd7 37. Kd4 Kc6 38. Bc2 Ba6 39. Ba4+ Bb5 40. Bc2 Kb6 41. g4 g5 42. Bd3 Bxd3 43. Kxd3 Kc5 44. b3 d4 45. Ke4 d3 46. Ke3 d2 47. Kxd2 Kd4 48. Ke2 Kc3 0-1


[Site "https://www.chess.com"]

[Event "Titled Tuesday Blitz February 14 Late 2023"]
[White "Tworuszka, Michal"]
[Black "Lopez Perdomo, Juan David"]
[WhiteFideId "1117858"]
[BlackFideId "4405137"]
[WhiteElo "2260"]
[BlackElo "2029"]
[Result "0-1"]
[Round "05"]
[TimeControl "180+2"]
[Date "2023.02.14"]
[WhiteClock "0:00:01"]
[BlackClock "0:00:03"]

1. e4 e6 2. d4 d5 3. Nd2 Nf6 4. e5 Nfd7 5. Bd3 c5 6. c3 Nc6 7. Ne2 f6 8. exf6 Nxf6 9. O-O Bd6 10. Nf3 O-O 11. Bg5 e5 12. dxe5 Nxe5 13. Nxe5 Bxe5 14. Ng3 h6 15. Bxf6 Qxf6 16. Qh5 d4 17. Rae1 g5 18. Rxe5 Qxe5 19. Qg6+ Qg7 20. Bc4+ Kh8 21. Qd6 Bg4 22. h3 Rad8 23. Qxc5 Rc8 24. Qb4 a5 25. Qb5 Bd7 26. Qd5 Be8 27. Bd3 Bf7 28. Qxb7 Bxa2 29. Qb6 dxc3 30. Nh5 Rb8 31. Qxa5 Qf7 32. Qe5+ Kg8 33. bxc3 Qxh5 34. c4 Qf7 0-1


[Site "https://www.chess.com"]

[Event "Titled Tuesday Blitz February 14 Late 2023"]
[White "Pasti, Aron"]
[Black "Cruz Gomez, Miguel Angel"]
[WhiteFideId "785857"]
[BlackFideId "5137160"]
[WhiteElo "2361"]
[BlackElo "1950"]
[Result "1-0"]
[Round "05"]
[TimeControl "180+2"]
[Date "2023.02.14"]
[WhiteClock "0:01:21"]
[BlackClock "0:00:17"]

1. e4 c5 2. Nf3 e6 3. d4 cxd4 4. Nxd4 Nf6 5. Nc3 Nc6 6. Nxc6 bxc6 7. e5 Nd5 8. Ne4 Bb7 9. c4 Nb4 10. Bf4 c5 11. Bd3 Nxd3+ 12. Qxd3 Bxe4 13. Qxe4 Rb8 14. b3 Qa5+ 15. Bd2 Qc7 16. O-O Be7 17. f4 O-O 18. f5 exf5 19. Rxf5 d6 20. e6 f6 21. Raf1 Qb7 22. Rd5 g6 23. h4 f5 24. Qf4 Qc8 25. Re1 Rf6 26. Qe3 f4 27. Qe4 Qf8 28. Bc3 Rf5 29. Rxf5 Qxf5 30. Qxf5 gxf5 31. Rf1 Bxh4 32. Rxf4 Be7 33. Rxf5 Rf8 34. g4 Rxf5 35. gxf5 Bg5 36. f6 Kf8 37. Kg2 Bf4 38. Kf3 Bh2 39. Ke4 h5 40. Kd5 1-0


[Site "https://www.chess.com"]

[Event "Titled Tuesday Blitz February 14 Late 2023"]
[White "Moral Garcia, Serafin"]
[Black "Fernandez Siles, Luis"]
[WhiteFideId "2201925"]
[BlackFideId "2209420"]
[WhiteElo "2238"]
[BlackElo "2218"]
[Result "1-0"]
[Round "05"]
[TimeControl "180+2"]
[Date "2023.02.14"]
[WhiteClock "0:00:20"]
[BlackClock "0:00:13"]

1. Nf3 f5 2. b3 Nf6 3. Bb2 g6 4. c4 Bg7 5. e3 O-O 6. Be2 d6 7. d4 c6 8. O-O Qe8 9. Nc3 Na6 10. d5 Nc5 11. Nd4 Bd7 12. f4 e5 13. dxe6 Nxe6 14. Bf3 Nc5 15. Re1 Qe7 16. Qc2 a5 17. a3 Rae8 18. b4 axb4 19. axb4 Nce4 20. b5 Nxc3 21. Bxc3 Ne4 22. bxc6 bxc6 23. Bb2 Rb8 24. Ra7 Qe8 25. Bxe4 fxe4 26. Bc3 Rf7 27. Rea1 Be6 28. Nxe6 Qxe6 29. Bxg7 Kxg7 30. Qc3+ Kg8 31. h3 Rbf8 32. R1a6 Rxa7 33. Rxa7 Rf7 34. Ra8+ Rf8 35. Rxf8+ Kxf8 36. Qh8+ Qg8 37. Qf6+ Ke8 38. Qxd6 Qxc4 39. Qb8+ Kd7 40. Qb7+ Kd6 41. Qxh7 Qe2 42. Qxg6+ Kc5 43. Qxe4 Qe1+ 44. Kh2 Kb5 45. f5 c5 46. f6 Qf1 47. Qf4 1-0


[Site "https://www.chess.com"]

[Event "Titled Tuesday Blitz February 14 Late 2023"]
[White "Toktomushev, Teimur"]
[Black "vjecspec"]
[WhiteFideId "14176726"]
[WhiteElo "2239"]
[BlackElo "2552"]
[Result "0-1"]
[Round "05"]
[TimeControl "180+2"]
[Date "2023.02.14"]
[WhiteClock "0:00:05"]
[BlackClock "0:01:00"]

1. d4 g6 2. c4 Nf6 3. Nc3 d5 4. cxd5 Nxd5 5. e4 Nxc3 6. bxc3 Bg7 7. Be3 c5 8. Qd2 Qa5 9. Nf3 Bg4 10. Rc1 O-O 11. Be2 Rd8 12. d5 e6 13. c4 Qxd2+ 14. Nxd2 Bxe2 15. Kxe2 Nd7 16. Rhd1 b6 17. f4 e5 18. g3 Re8 19. Kd3 f5 20. Re1 Rad8 0-1


[Site "https://www.chess.com"]

[Event "Titled Tuesday Blitz February 14 Late 2023"]
[White "Machidon, Cristi"]
[Black "Liu, Casper"]
[WhiteFideId "13904590"]
[BlackFideId "1454153"]
[WhiteElo "2301"]
[BlackElo "2278"]
[Result "1-0"]
[Round "05"]
[TimeControl "180+2"]
[Date "2023.02.14"]
[WhiteClock "0:00:34"]
[BlackClock "0:00:26"]

1. e4 c6 2. Nf3 d5 3. exd5 cxd5 4. Ne5 Nc6 5. Bb5 Bd7 6. Nxd7 Qxd7 7. d4 a6 8. Be2 Nf6 9. O-O e5 10. dxe5 Nxe5 11. Re1 Be7 12. Bxa6 Rxa6 13. Rxe5 O-O 14. Re1 Re6 15. Be3 Ng4 16. Qxg4 Rxe3 17. Qd1 Rxe1+ 18. Qxe1 Bf6 19. c3 Re8 20. Qd2 d4 21. Na3 d3 22. Re1 Bg5 23. Rxe8+ Qxe8 24. Qxd3 Qe1+ 25. Qf1 Qc1 26. Qxc1 Bxc1 27. Nc4 b5 28. Nd6 Bxb2 29. Nxb5 Kf8 30. a4 Ke7 31. a5 Kd7 32. a6 Kc6 33. Kf1 Bc1 34. Ke2 Bg5 35. Kd3 Bd8 36. a7 Kb7 37. c4 Bb6 38. f3 Bxa7 39. Nxa7 Kxa7 40. Kd4 Kb7 41. Kd5 Kc7 42. Kc5 h5 43. h4 f6 44. Kd5 Kd7 45. c5 g5 46. g3 gxh4 47. gxh4 f5 48. Ke5 Kc6 49. Kxf5 Kxc5 50. Kg5 Kd6 51. Kxh5 Ke5 52. Kg5 Ke6 53. h5 Kf7 54. h6 Kg8 55. Kg6 Kh8 56. f4 Kg8 57. f5 Kh8 58. f6 Kg8 59. f7+ Kf8 60. h7 1-0


[Site "https://www.chess.com"]

[Event "Titled Tuesday Blitz February 14 Late 2023"]
[White "The_Sherman_Variation"]
[Black "Itkis, Boris"]
[BlackFideId "1209167"]
[WhiteElo "2511"]
[BlackElo "2329"]
[Result "1/2-1/2"]
[Round "05"]
[TimeControl "180+2"]
[Date "2023.02.14"]
[WhiteClock "0:00:20"]
[BlackClock "0:00:08"]

1. e4 e5 2. Nc3 Nf6 3. g3 c6 4. Bg2 d5 5. exd5 cxd5 6. d4 e4 7. Nge2 Nc6 8. O-O Bb4 9. f3 O-O 10. Bg5 Be7 11. fxe4 Nxe4 12. Bxe7 Nxc3 13. Bxd8 Nxd1 14. Raxd1 Rxd8 15. Nf4 Be6 16. Nxe6 fxe6 17. Bh3 Rd6 18. c3 Re8 19. Rde1 e5 20. dxe5 Rxe5 21. Kg2 Rxe1 22. Rxe1 d4 23. Re6 dxc3 24. bxc3 Rd2+ 25. Kf3 Rxh2 26. Bf5 g6 27. Be4 Kf7 28. Bd5 Rh5 29. Re5+ Kf6 30. Re6+ Kg7 31. Bxc6 bxc6 32. Rxc6 Ra5 33. g4 Kh6 34. Rc7 Rxa2 35. c4 Ra3+ 36. Kf4 g5+ 37. Ke4 Kg6 38. Rc6+ Kg7 39. Kf5 h6 40. Rc7+ Kf8 41. Kg6 Rg3 42. Kf6 Ke8 43. Rxa7 Rxg4 44. c5 Rc4 45. Re7+ Kd8 46. Re5 g4 47. Kg6 g3 48. Kxh6 g2 49. Rg5 Rxc5 50. Rxg2 Rc6+ 51. Rg6 Rxg6+ 52. Kxg6 1/2-1/2


[Site "https://www.chess.com"]

[Event "Titled Tuesday Blitz February 14 Late 2023"]
[White "Stachanczyk, Jacek"]
[Black "Sonnenschein, Philipp"]
[WhiteFideId "1116657"]
[BlackFideId "16250877"]
[WhiteElo "2147"]
[BlackElo "2224"]
[Result "1/2-1/2"]
[Round "05"]
[TimeControl "180+2"]
[Date "2023.02.14"]
[WhiteClock "0:01:07"]
[BlackClock "0:01:22"]

1. e4 c6 2. d4 d5 3. Nc3 dxe4 4. Nxe4 Nf6 5. Nxf6+ exf6 6. c3 Bd6 7. Bd3 O-O 8. Ne2 Re8 9. O-O Nd7 10. Bf4 Nf8 11. Bxd6 Qxd6 12. Ng3 g6 13. Ne4 Qd8 14. Qd2 f5 15. Ng5 Bd7 16. Rfe1 Qf6 17. Bc4 Ne6 18. Nxe6 Bxe6 19. Bxe6 Rxe6 20. Rxe6 Qxe6 21. b3 Re8 22. Kf1 Qd6 23. Qh6 Qe6 24. Qd2 Qd6 25. Qh6 Qa3 26. Qd2 Qd6 1/2-1/2


[Site "https://www.chess.com"]

[Event "Titled Tuesday Blitz February 14 Late 2023"]
[White "Bas Mas, Jose Joaquin"]
[Black "Vaglio Munoz, Jaime"]
[WhiteFideId "22219064"]
[BlackFideId "6500145"]
[WhiteElo "2197"]
[BlackElo "2174"]
[Result "1-0"]
[Round "05"]
[TimeControl "180+2"]
[Date "2023.02.14"]
[WhiteClock "0:00:26"]
[BlackClock "0:00:19"]

1. e4 e6 2. d4 d5 3. Nd2 dxe4 4. Nxe4 Nf6 5. Bg5 Be7 6. Bxf6 gxf6 7. Nf3 Rg8 8. a3 f5 9. Nc3 Bf6 10. Qd2 Nc6 11. O-O-O Bd7 12. Kb1 Qe7 13. d5 Ne5 14. Nd4 a6 15. f4 Ng6 16. g3 O-O-O 17. Bg2 h5 18. Rhe1 Qc5 19. Nb3 Qb6 20. Re3 h4 21. Rd3 hxg3 22. hxg3 Ne7 23. d6 Nc6 24. Na4 Qb5 25. dxc7 Kxc7 26. Nbc5 Bc8 27. Qe3 Rxd3 28. Rxd3 Rd8 29. Rb3 Qc4 30. Nxb7 Rd1+ 31. Ka2 Bxb7 32. Qb6+ Kd7 33. Qxb7+ Kd8 34. Bxc6 Bxb2 35. Nxb2 Qxc2 36. Qb8+ Ke7 37. Rb7+ Kf6 38. Qh8+ Kg6 39. Qg8+ Kf6 40. Qg5# 1-0


[Site "https://www.chess.com"]

[Event "Titled Tuesday Blitz February 14 Late 2023"]
[White "FuenfgegenWilly"]
[Black "Ramirez Allo, Eduardo"]
[BlackFideId "2224178"]
[WhiteElo "2322"]
[BlackElo "2274"]
[Result "0-1"]
[Round "05"]
[TimeControl "180+2"]
[Date "2023.02.14"]
[WhiteClock "0:00:05"]
[BlackClock "0:00:40"]

1. e4 c5 2. Nc3 a6 3. f4 b5 4. Nf3 Bb7 5. d4 cxd4 6. Qxd4 d6 7. Bd3 Nf6 8. h3 e6 9. O-O Be7 10. a3 O-O 11. Kh1 Qc7 12. Be3 Nfd7 13. Bd2 Nc6 14. Qf2 Na5 15. f5 Nc4 16. Bxc4 Qxc4 17. Nd4 e5 18. Nf3 Nf6 19. b3 Qc7 20. Qe1 h6 21. Rc1 Rac8 22. Ng1 Qc6 23. a4 Nxe4 24. axb5 axb5 25. Nxe4 Qxe4 26. Qxe4 Bxe4 27. c4 Bd3 28. Rf3 bxc4 29. bxc4 Bxc4 30. Rfc3 d5 31. Nf3 f6 32. Be1 Rc6 33. Nd2 Rfc8 34. R3c2 Ba3 35. Ra1 Bb4 36. Nxc4 Rxc4 37. Rxc4 Rxc4 38. Bxb4 Rxb4 39. Ra7 Rf4 40. g4 Rf2 41. Rd7 d4 42. Kg1 Ra2 43. h4 Rd2 44. Kf1 e4 45. Kg1 e3 46. Re7 e2 47. Re6 Kf7 48. Kf2 d3 49. g5 hxg5 50. hxg5 fxg5 51. Ra6 Rd1 52. Re6 e1=Q+ 53. Rxe1 Rxe1 54. Kxe1 g4 55. Kd2 g3 56. Kxd3 g2 57. Ke2 g1=Q 0-1


[Site "https://www.chess.com"]

[Event "Titled Tuesday Blitz February 14 Late 2023"]
[White "Ardila, Oscar Humberto"]
[Black "Womacka, Mathias"]
[WhiteFideId "4404742"]
[BlackFideId "4611390"]
[WhiteElo "1982"]
[BlackElo "2396"]
[Result "0-1"]
[Round "05"]
[TimeControl "180+2"]
[Date "2023.02.14"]
[WhiteClock "0:00:03"]
[BlackClock "0:00:01"]

1. d4 Nf6 2. Nf3 e6 3. g3 c5 4. c3 d5 5. Bg2 Be7 6. O-O O-O 7. Bg5 b6 8. Nbd2 h6 9. Bxf6 Bxf6 10. e3 Nc6 11. Qa4 Bd7 12. Qb3 Qc7 13. Rac1 b5 14. dxc5 Na5 15. Qb4 Be7 16. Qf4 Qxf4 17. gxf4 Nc4 18. b4 a5 19. Nxc4 bxc4 20. a3 axb4 21. axb4 Ra3 22. Nd4 Rfa8 23. c6 Be8 24. e4 dxe4 25. Bxe4 Rc8 26. b5 Bc5 27. Rfd1 Kf8 28. Bf3 Ke7 29. Be2 Ra4 30. Ra1 Rca8 31. Rxa4 Rxa4 32. Rb1 Bb6 33. Rb2 f6 34. Nc2 Kd6 35. Nb4 Ra3 36. Bxc4 Rxc3 37. Bf1 Bg6 38. Na6 Be4 39. Rd2+ Ke7 40. Rd7+ Ke8 41. c7 Bb7 42. Rd8+ Ke7 0-1


[Site "https://www.chess.com"]

[Event "Titled Tuesday Blitz February 14 Late 2023"]
[White "Chabris, Christopher"]
[Black "Seletsky, Grigory"]
[WhiteFideId "2005263"]
[BlackFideId "14112191"]
[WhiteElo "2053"]
[BlackElo "2259"]
[Result "0-1"]
[Round "05"]
[TimeControl "180+2"]
[Date "2023.02.14"]
[WhiteClock "0:00:01"]
[BlackClock "0:00:44"]

1. e4 e6 2. d4 d5 3. Nc3 Nc6 4. Nf3 Nf6 5. Bd3 Nb4 6. e5 Nd7 7. Ne2 c5 8. dxc5 Nxc5 9. O-O Be7 10. Ng3 O-O 11. Be2 b6 12. c3 Nc6 13. b4 Nd7 14. Bf4 Bb7 15. Re1 Rc8 16. Bd3 a5 17. a3 Ncb8 18. Qd2 Ba6 19. b5 Bb7 20. Nd4 Nc5 21. Bc2 Qd7 22. Bh6 g6 23. h4 Bxh4 24. Bxf8 Bxg3 25. Bh6 Bh4 26. Re3 Ne4 27. Bxe4 dxe4 28. Rh3 Be7 29. Bg7 Bf8 30. Bxf8 Kxf8 31. Rxh7 Qd5 32. Rh8+ Ke7 33. Qg5+ Kd7 34. Rxc8 Kxc8 35. Rd1 Nd7 36. Qe7 e3 37. f3 Nxe5 38. Qe8+ Kc7 39. Nxe6+ fxe6 40. Rxd5 Bxd5 41. Qe7+ Kc8 42. Qd6 Nd3 0-1


[Site "https://www.chess.com"]

[Event "Titled Tuesday Blitz February 14 Late 2023"]
[White "Gasparyan, David"]
[Black "Slavin, Alexey"]
[WhiteFideId "13311980"]
[BlackFideId "24104388"]
[WhiteElo "2142"]
[BlackElo "2364"]
[Result "1-0"]
[Round "05"]
[TimeControl "180+2"]
[Date "2023.02.14"]
[WhiteClock "0:00:38"]
[BlackClock "0:00:11"]

1. e4 Nc6 2. Nf3 d6 3. Bc4 Nf6 4. d3 Bg4 5. Nbd2 e5 6. h3 Bh5 7. a3 Be7 8. O-O O-O 9. Re1 Nd4 10. g4 Nxf3+ 11. Qxf3 Bg6 12. Nf1 c6 13. Ba2 h6 14. Ng3 Re8 15. h4 Qd7 16. Nf5 Bxf5 17. gxf5 Rf8 18. Qg3 Kh8 19. f4 exf4 20. Qxf4 Qd8 21. Qf3 Nh7 22. h5 Bg5 23. Bxg5 Nxg5 24. Qg3 Qb6+ 25. Kh1 Qxb2 26. Bb3 Rad8 27. Rab1 Qe5 28. Kg2 Qxg3+ 29. Kxg3 Nh7 30. Ba2 Nf6 31. Rxb7 Nxh5+ 32. Kh4 Nf6 33. Rxa7 Ra8 34. Rxa8 Rxa8 35. Bxf7 Rxa3 36. Rb1 Rc3 37. Rb8+ Kh7 38. Bg6# 1-0


[Site "https://www.chess.com"]

[Event "Titled Tuesday Blitz February 14 Late 2023"]
[White "Leonte, Sebastian-Marian"]
[Black "Davidson, Kevin"]
[WhiteFideId "1268767"]
[BlackFideId "2056810"]
[WhiteElo "1279"]
[BlackElo "2154"]
[Result "0-1"]
[Round "05"]
[TimeControl "180+2"]
[Date "2023.02.14"]
[WhiteClock "0:00:57"]
[BlackClock "0:01:06"]

1. e4 c5 2. Nf3 d6 3. d4 cxd4 4. Nxd4 Nf6 5. Nc3 a6 6. f3 e5 7. Nb3 Be6 8. Be3 Be7 9. Qd2 O-O 10. O-O-O Nbd7 11. g4 b5 12. g5 b4 13. Ne2 Ne8 14. Kb1 a5 15. f4 a4 16. Nbc1 exf4 17. Nxf4 Bxg5 18. Nxe6 Bxe3 19. Qxe3 fxe6 20. Bc4 Qe7 21. Qh3 Nc7 22. Nd3 d5 23. exd5 exd5 24. Rhe1 Qd6 0-1


[Site "https://www.chess.com"]

[Event "Titled Tuesday Blitz February 14 Late 2023"]
[White "Bulgurlu, Okan"]
[Black "Martic, Ivan"]
[WhiteFideId "6352316"]
[BlackFideId "929301"]
[WhiteElo "1908"]
[BlackElo "2301"]
[Result "1-0"]
[Round "05"]
[TimeControl "180+2"]
[Date "2023.02.14"]
[WhiteClock "0:00:10"]
[BlackClock "0:00:15"]

1. e4 d6 2. Bc4 Nf6 3. d3 e5 4. Nf3 Be7 5. Nbd2 c6 6. Qe2 O-O 7. O-O Nbd7 8. b4 a5 9. b5 Nb6 10. bxc6 bxc6 11. a4 Nxc4 12. Nxc4 h6 13. Be3 Be6 14. Bb6 Qe8 15. Nxa5 Ra6 16. Rab1 Qa8 17. Nc4 Rxa4 18. Nfd2 Ra2 19. f4 exf4 20. Rxf4 Rxc2 21. Qd1 Ra2 22. Bd4 Nd7 23. h4 Rb8 24. Rxb8+ Qxb8 25. Qb3 Qxb3 26. Nxb3 d5 27. exd5 Bxd5 28. Rf2 Ra8 29. g3 Rb8 30. Nbd2 Nf6 31. Be5 Ra8 32. Nb6 Ra2 33. Bxf6 Bxf6 34. Nxd5 cxd5 35. Nf3 Ra1+ 36. Kg2 Ra3 37. d4 Rd3 38. Rb2 g6 39. Rb8+ Kg7 40. Rb5 g5 41. hxg5 hxg5 42. g4 Re3 43. Rxd5 Re4 44. Kg3 Kg6 45. Rd6 Kg7 46. Rd5 Kg6 47. Rd6 Re3 48. Kf2 Ra3 49. Ne5+ Kg7 50. Rd7 Bxe5 51. dxe5 Ra7 52. Rxa7 1-0


[Site "https://www.chess.com"]

[Event "Titled Tuesday Blitz February 14 Late 2023"]
[White "Cueto, Jonny"]
[Black "Poeta, Caio Medeiros"]
[WhiteFideId "3300145"]
[BlackFideId "2142660"]
[WhiteElo "2122"]
[BlackElo "2088"]
[Result "0-1"]
[Round "05"]
[TimeControl "180+2"]
[Date "2023.02.14"]
[WhiteClock "0:00:13"]
[BlackClock "0:00:08"]

1. d4 Nf6 2. Nf3 d5 3. g3 e6 4. Bg2 Be7 5. O-O O-O 6. c4 c6 7. Nbd2 Nbd7 8. Qc2 b6 9. e4 dxc4 10. Nxc4 c5 11. Rd1 cxd4 12. Nxd4 Bb7 13. Nb5 Rc8 14. Qe2 Ba6 15. a4 Qe8 16. Bf4 Nc5 17. Ncd6 Bxd6 18. Bxd6 Nxa4 19. Bf1 Bxb5 20. Qxb5 Qxb5 21. Bxb5 Nxb2 22. Rdb1 Rfd8 23. e5 Nc4 24. Bxc4 Rxc4 25. Rxa7 Nd5 26. Rba1 g5 27. Ra8 Rxa8 28. Rxa8+ Kg7 29. Rb8 h5 30. Kg2 Kg6 31. h4 gxh4 32. gxh4 Rxh4 33. Rg8+ Kf5 34. Rh8 Rg4+ 35. Kf1 h4 36. Rh7 f6 37. Rf7 Rg6 38. exf6 Rxf6 39. Rh7 Ke4 40. Rxh4+ Kd3 41. Rh3+ Kc4 42. Be5 Rf5 43. Bg3 b5 44. Rh8 e5 45. Rb8 b4 46. Rc8+ Kd4 47. Rd8 b3 48. Rb8 Kc3 49. Ke2 Nb4 50. Rb5 b2 51. Rc5+ Kb3 52. Bxe5 Rxe5+ 53. Rxe5 b1=Q 54. Re3+ Ka2 55. Kf3 Nc2 56. Re4 Qd1+ 57. Kf4 Qf1 58. f3 Ne1 59. Ra4+ Kb3 60. Ra7 Qxf3+ 61. Ke5 Qe3+ 62. Kf5 Qxa7 63. Kf6 Qc5 64. Ke6 Kc4 65. Kf6 Qd5 66. Ke7 Qc6 67. Kf8 Qd7 68. Kg8 Kd5 69. Kf8 Ke6 70. Kg8 Kf6 71. Kh8 Qg7# 0-1


[Site "https://www.chess.com"]